 Dungeon Crawl Stone Soup version 0.17-a0-1882-g750edc8 (webtiles) character file.

22080 mcbry74 the Spear-Bearer (level 12, -5/113 HPs)
             Began as a Red Draconian Berserker on Sept 22, 2015.
             Was an Elder of Trog.
             Slain by an 18-headed hydra (8 damage)
             ... on level 2 of the Lair of Beasts.
             The game lasted 02:00:13 (17174 turns).

mcbry74 the Spear-Bearer (Red Draconian Berserker) Turns: 17174, Time: 02:00:14

Health: -5/113     AC: 16    Str: 22    XL:     12   Next: 59%
Magic:  22/22      EV: 17    Int: 15    God:    Trog [****..]
Gold:   1025       SH:  0    Dex: 11    Spells: 0 memorised, 11 levels left

rFire  + + .     SeeInvis .     A - +1 halberd
rCold  x . .     Clarity  .     (armour unavailable)
rNeg   + . .     SustAt   .     (no shield)
rPois  .         Gourm    .     z - +3 hat of Pondering {ponderous, MR+ MP+10 Int+5}
rElec  .         Spirit   .     G - +1 cloak
rCorr  .         Warding  .     (no gloves)
rMut   .         Stasis   .     w - +2 pair of boots
MR     +++..                    P - amulet of faith
Stlth  ++........               E - ring of fire
                                e - ring of positive energy

@: exhausted, regenerating, slowed, very slow, extremely resistant to hostile
enchantments, unstealthy
A: breathe fire, unfitting armour, fire resistance 1, cold-blooded, AC +8
a: Breathe Fire, Burn Spellbooks, Berserk, Trog's Hand, Brothers in Arms,
Renounce Religion


You were on level 2 of the Lair of Beasts.
You worshipped Trog.
Trog was greatly pleased with you.
You were very hungry.

You visited 3 branches of the dungeon, and saw 13 of its levels.

You collected 1025 gold pieces.

Inventory:

Hand weapons
 a - a +0 spear
 v - a +1 antimagic quarterstaff
 A - a +1 halberd (weapon)
Armour
 w - a +2 pair of boots (worn)
 z - the +3 hat of Pondering (worn) {ponderous, MR+ MP+10 Int+5}
   (You took it off Gastronok on level 8 of the Dungeon)

   It affects your intelligence (+5).
   It affects your resistance to hostile enchantments.
   It affects your magic capacity (+10).
 G - a +1 cloak (worn)
Jewellery
 e - a ring of positive energy (left hand)
 p - an uncursed ring of protection from fire
 D - an uncursed ring of fire
 E - a ring of fire (right hand)
 O - an uncursed ring of protection from fire
 P - an amulet of faith (around neck)
Magical devices
 m - a wand of slowing (18)
 o - a wand of digging (6)
 x - a wand of magic darts (41)
 y - a wand of polymorph (8)
 B - a wand of magic darts (22)
 F - a wand of digging (9)
 J - a wand of cold (11)
 M - a wand of polymorph (0)
Scrolls
 c - a scroll of acquirement {unknown}
 h - a scroll of blinking {unknown}
 i - 3 scrolls of magic mapping
 n - a scroll of recharging
 r - a scroll of teleportation
 u - 6 scrolls of remove curse
 I - a scroll of silence {unknown}
 N - a scroll of fog {unknown}
Potions
 d - a potion of brilliance
 k - 3 potions of flight
 l - 2 potions of haste
 s - a potion of agility
 H - a potion of heal wounds {unknown}
 K - a potion of berserk rage {unknown}
 L - 2 potions of cancellation
Miscellaneous
 j - an ornate deck of defence
Comestibles
 b - 6 bread rations
 f - 7 meat rations
 q - 7 fruits
 t - 3 beef jerkies
 C - 7 royal jellies


   Skills:
 * Level 12.9 Fighting
 * Level 13.0 Polearms
 - Level 0.8(8.6) Staves
 + Level 11.3 Dodging
 - Level 1.0 Stealth
 + Level 0.2 Evocations


You had 11 spell levels left.
You didn't know any spells.

Dungeon Overview and Level Annotations

Branches:
Dungeon (10/15)            Temple (1/1) D:5            Lair (2/8) D:10
    Orc: D:9-12

Altars:
Ashenzari
Cheibriados
Dithmenos
Elyvilon
Fedhas
Gozag
Kikubaaqudgha
Makhleb
Nemelex Xobeh
Okawaru
Qazlal
Ru
Sif Muna
Trog
Vehumet
Xom
Yredelemnul
Zin
The Shining One

Shops:
D:7 (


Innate Abilities, Weirdness & Mutations

You can breathe blasts of fire.
Your fiery red scales are hard (AC +8).
Your body does not fit into most forms of armour.
Your flesh is heat resistant.
You are cold-blooded and may be slowed by cold attacks.


Message History

You are too berserk!
You are too berserk!
You lop one of the 17-headed hydra's heads off!
The 16-headed hydra grows two more!
You slice the 18-headed hydra!! You tail-slap the 18-headed hydra!
The 18-headed hydra is almost dead.
You are no longer berserk.
You are exhausted.
You feel yourself slow down.
You are feeling very hungry.
You barely miss the 18-headed hydra.
Your tail-slap misses the 18-headed hydra.
The 18-headed hydra is almost dead.
The 18-headed hydra completely misses you.
The 18-headed hydra bites you.
* * * LOW HITPOINT WARNING * * *
The 18-headed hydra bites you!
* * * LOW HITPOINT WARNING * * *
The 18-headed hydra barely misses you. The 18-headed hydra bites you!
You die...

..... .....
##.P.###
##......###
##.........#
#..........#
#.........+
#.........#
##..@D.....#
#...........
##..........
##.........#
#..........#
###......#..#
#P###....####
#.........#
##........##


You could see a 18-headed hydra.

Vanquished Creatures
  Gastronok (D:8)
  2 unseen horrors
  4 hill giants (D:10)
  17 elephants (Lair:1)
  Joseph (D:7)
  A gargoyle (D:6)
  2 spiny frogs (Lair:2)
  2 two-headed ogres (D:10)
  A basilisk (Lair:1)
  23 yaks
  2 hungry ghosts
  3 wolves (Lair:1)
  3 wargs (D:10)
  3 porcupines
  2 orc warriors
  5 sky beasts
  Duvessa (D:5)
  An eye of draining (D:10)
  A black bear (D:10)
  A phantom (D:6)
  7 ogres
  A big kobold (D:10)
  A centaur (D:5)
  2 crocodiles (Lair:1)
  7 giant frogs
  Dowan (D:5)
  4 scorpions
  11 killer bees
  2 crimson imps
  2 wights (D:10)
  A quasit (D:8)
  2 giant frog skeletons (D:4)
  5 hounds
  An iron imp (D:5)
  5 jellies
  8 orc priests
  4 iguanas
  9 worker ants
  6 orc wizards
  A killer bee zombie (D:8)
  A hound zombie (D:6)
  7 gnolls (D:4)
  A worker ant zombie (D:6)
  14 adders
  8 river rats (Lair:2)
  2 shadow imps
  6 oozes
  3 adder skeletons
  3 worms
  8 giant geckos
  30 orcs
  5 bats
  5 giant cockroaches
  8 goblins
  6 hobgoblins
  5 jackals
  17 kobolds
  6 quokkas
  A ball python (D:7)
  A giant cockroach zombie (D:5)
  2 giant gecko skeletons
  9 giant newts
  A jackal zombie (D:5)
  7 rats
312 creatures vanquished.

Vanquished Creatures (collateral kills)
  A hill giant (D:10)
  An elephant (Lair:1)
  A komodo dragon (Lair:1)
  A spiny frog (Lair:1)
  A porcupine (Lair:1)
  A wight (D:10)
  A crimson imp (D:10)
7 creatures vanquished.

Vanquished Creatures (others)
  A kobold (D:1)
  50 fungi (Lair:1)
  20 plants
71 creatures vanquished.

Grand Total: 390 creatures vanquished

Notes
Turn   | Place    | Note
--------------------------------------------------------------
     0 | D:1      | mcbry74 the Draconian Berserker began the quest for the Orb.
     0 | D:1      | Reached XP level 1. HP: 19/19 MP: 1/1
   432 | D:1      | Reached XP level 2. HP: 24/26 MP: 2/2
  1112 | D:2      | Reached skill level 4 in Fighting
  1112 | D:2      | Reached XP level 3. HP: 25/33 MP: 3/3
  1373 | D:2      | Acquired Trog's second power
  1879 | D:3      | Reached XP level 4. HP: 35/40 MP: 4/4
  2764 | D:4      | Reached XP level 5. HP: 47/47 MP: 5/5
  3134 | D:4      | Reached skill level 1 in Stealth
  3326 | D:4      | Reached XP level 6. HP: 51/53 MP: 6/6
  3539 | D:4      | Reached skill level 5 in Fighting
  3654 | D:4      | Noticed an ogre
  3664 | D:4      | Killed an ogre
  3664 | D:4      | Reached skill level 5 in Dodging
  3735 | D:4      | Your scales start taking on a fiery red colour.
  3735 | D:4      | Gained mutation: Your flesh is heat resistant. [Red Draconian growth]
  3735 | D:4      | Reached XP level 7. HP: 56/61 MP: 7/7
  3978 | D:4      | Reached skill level 5 in Polearms
  4107 | D:4      | Noticed an ogre
  4113 | D:4      | Killed an ogre
  4141 | D:4      | Found a basalt altar of Yredelemnul.
  4492 | D:5      | Entered Level 5 of the Dungeon
  4702 | D:5      | Found a staircase to the Ecumenical Temple.
  4704 | D:5      | Noticed Duvessa
  4710 | D:5      | Noticed Dowan
  4736 | D:5      | Killed Duvessa
  4736 | D:5      | Reached skill level 6 in Fighting
  4742 | D:5      | Killed Dowan
  4742 | D:5      | Reached XP level 8. HP: 34/70 MP: 8/8
  4970 | Temple   | Entered the Ecumenical Temple
  5296 | D:5      | Found a snail-covered altar of Cheibriados.
  6102 | D:6      | Found a shattered altar of Ashenzari.
  6422 | D:6      | Found a shattered altar of Ashenzari.
  6515 | D:6      | Reached skill level 7 in Fighting
  7036 | D:6      | Noticed a gargoyle
  7062 | D:6      | Killed a gargoyle
  7062 | D:6      | Reached XP level 9. HP: 33/80 MP: 9/9
  7650 | D:7      | Reached skill level 8 in Fighting
  8276 | D:7      | Found Hineorae's Antique Weapon Shoppe.
  8954 | D:8      | Noticed Gastronok
  8972 | D:8      | Noticed Joseph
  9404 | D:7      | Killed Joseph
  9524 | D:8      | Acquired Trog's third power
  9524 | D:8      | Reached skill level 9 in Fighting
  9735 | D:8      | Found a shattered altar of Ashenzari.
  9740 | D:8      | Found an opulent altar of Gozag.
  9782 | D:8      | Found a glowing silver altar of Zin.
  9785 | D:8      | Found a stormy altar of Qazlal.
  9787 | D:8      | Found a shimmering altar of Xom.
 10080 | D:8      | Killed Gastronok
 10080 | D:8      | Reached XP level 10. HP: 93/93 MP: 3/10
 10440 | D:8      | Reached skill level 10 in Fighting
 11263 | D:10     | Entered Level 10 of the Dungeon
 11479 | D:10     | Noticed a hill giant
 11509 | D:10     | Noticed a hill giant
 11511 | D:10     | Killed a hill giant
 11530 | D:10     | Killed a hill giant
 11530 | D:10     | Reached skill level 10 in Polearms
 11929 | D:10     | Killed an unseen horror
 12047 | D:10     | Noticed a hill giant
 12066 | D:10     | Killed a hill giant
 12066 | D:10     | Reached XP level 11. HP: 87/101 MP: 11/11
 12337 | D:10     | Noticed a hill giant
 12347 | D:10     | Killed a hill giant
 12347 | D:10     | Reached skill level 10 in Dodging
 12428 | D:10     | Found a staircase to the Lair.
 12957 | D:10     | Noticed a hill giant
 12967 | D:10     | Reached skill level 11 in Fighting
 13096 | D:10     | Killed a hill giant
 13526 | Lair:1   | Entered Level 1 of the Lair of Beasts
 14545 | Lair:1   | HP: 3/104 [spiny frog (25)]
 14550 | Lair:1   | HP: 3/104 [spiny frog (14)]
 14551 | Lair:1   | HP: 1/104 [elephant (2)]
 14946 | Lair:1   | Reached skill level 12 in Fighting
 14981 | Lair:1   | Reached XP level 12. HP: 74/112 MP: 12/12
 15718 | Lair:1   | Killed an unseen horror
 16958 | Lair:2   | Reached skill level 13 in Polearms
 17156 | Lair:2   | Noticed a five-headed hydra
 17174 | Lair:2   | HP: 3/113 [18-headed hydra (11)]
 17174 | Lair:2   | Slain by an 18-headed hydra

Vault maps used:
D:1:      dpeg_arrival_long_road, lemuel_old_faithful
D:2:      wad_river_or_something
D:3:      kennysheep_another_room
D:4:      kennysheep_little_box, first_bread, grunt_ministairs_13
D:5:      slow_altar_1, minmay_temple_entry_large_hall, uniq_duvessa
D:6:      basic_altar, nicolae_ashenzari_panopticon
D:7:      serial_shops, nicolae_shop_window_shopping
D:8:      wad_pebble_path, nicolae_overflow_hidden_temple,
          hangedman_little_slice_of_home, uniq_gastronok, uniq_joseph
D:10:     minmay_goldmine, erik_lair_orcish_takeover
Temple:   dpeg_five_rooms_temple_12
Lair:1:   mu_elephants_graveyard, lemuel_fruit_fields
Lair:2:   serial_bayou_pond_e, infiniplex_staircase_pool_2, lemuel_fruit_tree

Action                   |  1- 3 |  4- 6 |  7- 9 | 10-12 || total
-------------------------+-------+-------+-------+-------++-------
Melee: Spear             |   162 |   230 |   586 |   269 ||  1247
       Quarterstaff      |       |       |    11 |    27 ||    38
       Halberd           |       |       |       |   538 ||   538
Invok: Berserk           |     2 |     3 |    12 |     9 ||    26
       Trog's Hand       |       |     4 |     6 |    15 ||    25
       Burn Spellbooks   |       |     1 |     1 |     2 ||     4
       Brothers in Arms  |       |       |       |     3 ||     3
 Abil: Breathe Fire      |       |       |    11 |    16 ||    27
Evoke: Wand              |       |       |       |     2 ||     2
  Use: Scroll            |     2 |       |    13 |     5 ||    20
       Potion            |       |       |    12 |     4 ||    16
 Stab: Sleeping          |     1 |     1 |     2 |       ||     4
  Eat: Chunk             |     1 |     7 |    17 |    27 ||    52
       Meat ration       |     1 |       |     2 |     1 ||     4
       Pizza             |       |     1 |     2 |       ||     3
       Fruit             |       |       |     1 |     1 ||     2
       Royal jelly       |       |       |     1 |     3 ||     4
       Bread ration      |       |       |     1 |     1 ||     2
